 Dungeon Crawl Stone Soup version 0.18.1-5-g4a78601 (webtiles) character file.

1278 inmateoo the Chiller (level 8, -3/57 HPs)
             Began as a Demigod Ice Elementalist on May 13, 2016.
             Slain by a centaur zombie (5 damage)
             ... on level 6 of the Dungeon.
             The game lasted 00:16:18 (3855 turns).

inmateoo the Chiller (Demigod Ice Elementalist)     Turns: 3855, Time: 00:16:19

Health: -3/57      AC: 13    Str: 13    XL:     8   Next: 8%
Magic:  17/17      EV: 12    Int: 23    God:
Gold:   214        SH:  0    Dex: 16    Spells: 3 memorised, 8 levels left

rFire  + . .     SeeInvis .     h - +2 dagger (venom)
rCold  . . .     Gourm    .     a - +2 ring mail {rF+}
rNeg   . . .     Faith    .     (no shield)
rPois  .         Spirit   .     (no helmet)
rElec  .         Dismiss  .     j - +1 cloak
rCorr  .         Reflect  .     z - +2 pair of gloves
SustAt +         Harm     .     K - +0 pair of boots
MR     .....                    (no amulet)
Stlth  ++........               (no ring)
                                D - +2 ring of strength

@: not resistant to hostile enchantments, unstealthy
A: high mp 1, sustain attributes
a: no special abilities


You were on level 6 of the Dungeon.
You were not hungry.

You visited 1 branch of the dungeon, and saw 6 of its levels.

You collected 214 gold pieces.

Inventory:

Hand Weapons
 h - a +2 dagger of venom (weapon)
 L - a +0 long sword
Armour
 a - a +2 ring mail of fire resistance (worn)
 j - a +1 cloak (worn)
 l - a +0 buckler
 z - a +2 pair of gloves (worn)
 K - a +0 pair of boots (worn)
Jewellery
 r - an uncursed ring of flight
 D - a +2 ring of strength (left hand)
Scrolls
 d - 3 scrolls of magic mapping
 e - a scroll of blinking
 o - 2 scrolls of recharging
 y - 5 scrolls of remove curse
Potions
 g - 3 potions of brilliance
 q - a potion of heal wounds
 w - a potion of haste
 A - a potion of lignification
 C - 2 potions of curing {unknown}
 E - a potion of cancellation {unknown}
 F - 2 potions of invisibility {unknown}
 G - a potion of cure mutation {unknown}
 I - 2 potions of might {unknown}
Books
 b - a book of Frost

   Spells                             Type                      Level
   a - Freeze                         Ice                          1
   b - Throw Frost                    Conjuration/Ice              2
   c - Ozocubu's Armour               Charms/Ice                   3
   d - Throw Icicle                   Conjuration/Ice              4
   e - Summon Ice Beast               Ice/Summoning                4
 i - a book of Annihilations

   Spells                             Type                      Level
   a - Poison Arrow                   Conjuration/Poison           6
   b - Chain Lightning                Conjuration/Air              8
   c - Lehudib's Crystal Spear        Conjuration/Earth            8
   d - Glaciate                       Conjuration/Ice              9
   e - Fire Storm                     Conjuration/Fire             9
Comestibles
 c - 5 bread rations
 f - 6 meat rations
 k - 2 slices of pizza
 n - a royal jelly
 B - a beef jerky
 J - a fruit


   Skills:
 + Level 4.2 Dodging
 - Level 4.0 Stealth
 + Level 3.9 Spellcasting
 - Level 0.8 Conjurations
 * Level 7.0 Ice Magic


You had 8 spell levels left.
You knew the following spells:

 Your Spells              Type           Power        Failure   Level  Hunger
a - Freeze                Ice            ####         1%          1    None
b - Throw Frost           Conj/Ice       ###...       10%         2    #......
c - Ozocubu's Armour      Chrm/Ice       ###.....     17%         3    ###....


Dungeon Overview and Level Annotations

Branches:
Dungeon (6/15)             Temple (0/1) D:4


Innate Abilities, Weirdness & Mutations

You have an increased reservoir of magic (+10% MP).
Your attributes are resistant to harm.


Message History

You barely miss the centaur zombie. The centaur zombie hits you!
* * * LOW HITPOINT WARNING * * *
You hit the centaur zombie. The centaur zombie misses you.
You hit the centaur zombie.
The centaur zombie hits you but does no damage.
The centaur zombie barely misses you.
You hit the centaur zombie.
The centaur zombie hits you but does no damage.
You hit the centaur zombie. The centaur zombie hits you.
* * * LOW HITPOINT WARNING * * *
You hit the centaur zombie.
The centaur zombie hits you but does no damage.
The centaur zombie hits you.
* * * LOW HITPOINT WARNING * * *
You hit the centaur zombie. The centaur zombie barely misses you.
You hit the centaur zombie. The centaur zombie closely misses you.
You hit the centaur zombie. The centaur zombie hits you.
* * * LOW HITPOINT WARNING * * *
The centaur zombie hits you.
You die...

................†#
...........)..#..#
..............#..#
..............##(#
..............##.#
..............##)#
####.........##.#
#.........##Z# .........
.............##@##..........
###
..............##.##.........#
#..
..............##.##.........#
#.#
..............##.##.........#
#.#
......##########.##.........#
#.# ...... #.##.........# #.#
#.##.........###.#
#.##............)#
#.#####'##'######.


You could see a centaur zombie.

Vanquished Creatures
  An orc warrior (D:5)
  A phantom (D:6)
  2 centaurs (D:6)
  3 ogres
  A giant frog (D:6)
  A scorpion (D:5)
  2 hounds (D:6)
  4 orc priests
  4 orc wizards
  Jessica (D:2)
  A centaur skeleton (D:5)
  2 worker ants
  A hound zombie (D:5)
  6 adders
  An ooze (D:1)
  2 worms
  4 dart slugs
  5 giant geckos
  11 orcs
  4 giant cockroaches
  5 goblins
  6 hobgoblins
  8 jackals
  2 quokkas
  2 ball pythons
  9 bats
  A giant cockroach zombie (D:5)
  A giant gecko skeleton (D:5)
  6 giant newts
  8 kobolds
  4 rats
109 creatures vanquished.

Notes
Turn   | Place    | Note
--------------------------------------------------------------
     0 | D:1      | inmateoo the Demigod Ice Elementalist began the quest for the Orb.
     0 | D:1      | Reached XP level 1. HP: 14/14 MP: 5/5
   117 | D:1      | Reached skill level 3 in Ice Magic
   229 | D:1      | Reached XP level 2. HP: 10/20 MP: 1/7
   373 | D:1      | You fall through a shaft!
   475 | D:2      | Found a shimmering altar of Xom.
   550 | D:1      | Reached XP level 3. HP: 16/26 MP: 5/8
   554 | D:1      | Learned a level 2 spell: Throw Frost
   556 | D:1      | Found a sparkling altar of Nemelex Xobeh.
   576 | D:1      | Reached skill level 4 in Ice Magic
   595 | D:2      | Noticed Jessica
   603 | D:2      | Killed Jessica
   641 | D:2      | Found a basalt altar of Yredelemnul.
   700 | D:2      | Found a white marble altar of Elyvilon.
   862 | D:2      | Reached XP level 4. HP: 33/33 MP: 7/9
   870 | D:2      | Learned a level 3 spell: Ozocubu's Armour
  1524 | D:4      | Noticed an ogre
  1601 | D:4      | Noticed a phantom
  1646 | D:4      | Found a bloodstained altar of Trog.
  1731 | D:4      | Reached XP level 5. HP: 34/38 MP: 4/10
  1880 | D:4      | Killed an ogre
  1979 | D:4      | Found a burning altar of Makhleb.
  1981 | D:4      | Found a deep blue altar of Sif Muna.
  2034 | D:4      | Found a bloodstained altar of Trog.
  2085 | D:4      | Reached XP level 6. HP: 33/45 MP: 5/12
  2163 | D:4      | Found a staircase to the Ecumenical Temple.
  2280 | D:4      | Found a stormy altar of Qazlal.
  2281 | D:4      | Found a snail-covered altar of Cheibriados.
  2405 | D:5      | Entered Level 5 of the Dungeon
  2412 | D:5      | Reached skill level 5 in Ice Magic
  2707 | D:5      | Reached XP level 7. HP: 50/50 MP: 10/14
  2989 | D:5      | Reached skill level 6 in Ice Magic
  3758 | D:6      | Reached XP level 8. HP: 27/57 MP: 10/17
  3777 | D:6      | Reached skill level 7 in Ice Magic
  3855 | D:6      | HP: 2/57 [centaur zombie (5)]
  3855 | D:6      | Slain by a centaur zombie

Skill      XL: |  1  2  3  4  5  6  7  8 |
---------------+-------------------------+-----
Ice Magic      | 3 4 5 6 7 |  7.0
Stealth        | 3 4 |  4.0
Dodging        | 2 3 4 |  4.2
Spellcasting   | 2 3 |  3.9
Conjurations   | |  0.8

Action                   |  1- 3 |  4- 6 |  7- 9 || total
-------------------------+-------+-------+-------++-------
Melee: Club              |    16 |       |       ||    16
       Unarmed           |     1 |       |       ||     1
       Dagger            |       |    65 |   171 ||   236
 Cast: Freeze            |    55 |    65 |    10 ||   130
       Throw Frost       |       |     5 |     7 ||    12
       Ozocubu's Armour  |       |     5 |     7 ||    12
  Use: Scroll            |       |     8 |     8 ||    16
       Potion            |       |       |     1 ||     1
 Stab: Sleeping          |       |    10 |     2 ||    12
  Eat: Chunk             |     1 |     7 |     5 ||    13
Armor: Robe              |    11 |    37 |     2 ||    50
       Leather armour    |       |       |    68 ||    68
       Ring mail         |       |       |    10 ||    10
Dodge: Dodged            |    43 |    62 |   113 ||   218
